3A
HARRISBURG HARRIERS @ BELLEVILLE BULLS
06/10/2020
 
TOP OF THE 1ST
Harrisburg Harriers batting - Pitching for Belleville Bulls : RHP Ángel Lares
Pitching: RHP Ángel Lares
Batting: RHB Bartolo Morales 0-0: SINGLE (Groundball, 6MD)
Batting: RHB Jim Unknown 0-0: Ball
1-0: Foul Ball, location: 2F
1-1: Called Strike
1-2: Strikes out swinging
Batting: RHB Martín Álvarez 0-0: Ball
1-0: Ball
Bartolo Morales steals 2nd base
2-0: SINGLE (Groundball, 56)
Bartolo Morales to third
Runner from 3rd tries for Home, SAFE, no throw or cutoff
Batting: RHB Keith MacKey 0-0: Ball
1-0: Ball
2-0: Called Strike
2-1: Swinging Strike
2-2: Grounds into double play, 5-4-3 (Groundball, 5)
Top of the 1st over - 1 run(s), 2 hit(s), 0 error(s), 0 left on base; Harrisburg 1 - Belleville 0
BOTTOM OF THE 1ST
Belleville Bulls batting - Pitching for Harrisburg Harriers : RHP Victor Brey
Pitching: RHP Victor Brey
Batting: RHB Rodrigo Pagán 0-0: SINGLE (Line Drive, 7LS)
Batting: LHB Forrest McCooke 0-0: Ball
1-0: Foul Ball, location: 2F
1-1: Ball
2-1: Fly out, F8 (Flyball, 8LXD)
Batting: RHB Felipe Gonzáles 0-0: Called Strike
0-1: Ball
Rodrigo Pagán is caught stealing 2nd base
1-1: Called Strike
1-2: Ground out 4-3 (Groundball, 34S)
Bottom of the 1st over - 0 run(s), 1 hit(s), 0 error(s), 0 left on base; Harrisburg 1 - Belleville 0
TOP OF THE 2ND
Harrisburg Harriers batting - Pitching for Belleville Bulls : RHP Ángel Lares
Batting: RHB Patrizio Vanali 0-0: Swinging Strike
0-1: Fly out, F2 (Popup, 23F)
Batting: SHB Jim Unknown 0-0: Foul Ball, location: 2F
0-1: Ball
1-1: Ball
2-1: Ground out 4-3 (Groundball, 4)
Batting: RHB Jim Scott 0-0: Ball
1-0: Foul Ball, location: 2F
1-1: Ball
2-1: Foul Ball, location: 2F
2-2: Strikes out swinging
Top of the 2nd over - 0 run(s), 0 hit(s), 0 error(s), 0 left on base; Harrisburg 1 - Belleville 0
BOTTOM OF THE 2ND
Belleville Bulls batting - Pitching for Harrisburg Harriers : RHP Victor Brey
Batting: RHB Clarence Neal 0-0: Called Strike
0-1: Swinging Strike
0-2: Ball
1-2: Reached on error, E5 (Groundball, 5L)
Batting: RHB Héctor Rojas 0-0: Fielders Choice at 2nd, 6-4 (Groundball, 6M)
Batting: RHB Jesús Soto 0-0: Called Strike
0-1: Ball
1-1: Called Strike
1-2: Foul Ball, location: 2F
1-2: Ball
2-2: Foul Ball, location: 2F
2-2: Strikes out looking
Batting: RHB Dirk Davis 0-0: SINGLE (Line Drive, 6M)
Héctor Rojas to second
Runner from 2nd tries for 3rd, SAFE, throw made to third
Batting: RHB Francisco Morales 0-0: Fly out, F7 (Flyball, 7M)
Bottom of the 2nd over - 0 run(s), 1 hit(s), 1 error(s), 2 left on base; Harrisburg 1 - Belleville 0
TOP OF THE 3RD
Harrisburg Harriers batting - Pitching for Belleville Bulls : RHP Ángel Lares
Batting: LHB Eric Porter 0-0: Ball
1-0: Called Strike
1-1: Ball
2-1: Ground out 3-1 (Groundball, 3)
Batting: RHB Mike Greene 0-0: Ball
1-0: Ball
2-0: Ball
3-0: Base on Balls
Batting: RHB Bartolo Morales 0-0: Foul Ball, location: 2F
0-1: Called Strike
0-2: Foul Ball, location: 2F
0-2: Ball
1-2: Grounds into double play, 6-4-3 (Groundball, 56)
Top of the 3rd over - 0 run(s), 0 hit(s), 0 error(s), 0 left on base; Harrisburg 1 - Belleville 0
BOTTOM OF THE 3RD
Belleville Bulls batting - Pitching for Harrisburg Harriers : RHP Victor Brey
Batting: RHB Esteban De La Cruz 0-0: Ball
1-0: Ball
2-0: Fly out, F9 (Line Drive, 9M)
Batting: RHB Rodrigo Pagán 0-0: Called Strike
0-1: Swinging Strike
0-2: Ball
1-2: Ball
2-2: Ball
3-2: Foul Ball, location: 2F
3-2: Foul Ball, location: 2F
3-2: SINGLE (Groundball, 6D)
Batting: LHB Forrest McCooke 0-0: Called Strike
0-1: Ball
1-1: Ball
Wild Pitch!
Rodrigo Pagán to second
2-1: Called Strike
2-2: Ground out 4-3 (Groundball, 4)
Rodrigo Pagán to third
Batting: RHB Felipe Gonzáles 0-0: Ground out 6-3 (Groundball, 6)
Bottom of the 3rd over - 0 run(s), 1 hit(s), 0 error(s), 1 left on base; Harrisburg 1 - Belleville 0
TOP OF THE 4TH
Harrisburg Harriers batting - Pitching for Belleville Bulls : RHP Ángel Lares
Batting: RHB Jim Unknown 0-0: Bunt for hit - play at first, batter OUT! 1-3
Batting: RHB Martín Álvarez 0-0: SINGLE (Line Drive, 78S)
Batting: RHB Keith MacKey 0-0: SINGLE (Line Drive, 34)
Martín Álvarez to second
Runner from 2nd tries for 3rd, SAFE, throw made to third
Batting: RHB Patrizio Vanali 0-0: Fly out, F9 (Flyball, 89D)
Runner from 3rd tags up, SCORES, no throw
Batting: SHB Jim Unknown 0-0: Called Strike
0-1: Ball
1-1: Ball
2-1: Ball
3-1: Called Strike
3-2: Strikes out swinging
Top of the 4th over - 1 run(s), 2 hit(s), 0 error(s), 1 left on base; Harrisburg 2 - Belleville 0
BOTTOM OF THE 4TH
Belleville Bulls batting - Pitching for Harrisburg Harriers : RHP Victor Brey
Batting: RHB Clarence Neal 0-0: Called Strike
0-1: Swinging Strike
0-2: Foul Ball, location: 2F
0-2: Ball
1-2: Ball
2-2: Strikes out swinging
Batting: RHB Héctor Rojas 0-0: Ball
1-0: Called Strike
1-1: Ball
2-1: Ball
3-1: Fly out, F3 (Popup, 3SF)
Batting: RHB Jesús Soto 0-0: Called Strike
0-1: Swinging Strike
0-2: Strikes out looking
Bottom of the 4th over - 0 run(s), 0 hit(s), 0 error(s), 0 left on base; Harrisburg 2 - Belleville 0
TOP OF THE 5TH
Harrisburg Harriers batting - Pitching for Belleville Bulls : RHP Ángel Lares
Batting: RHB Jim Scott 0-0: Ball
1-0: Called Strike
1-1: Reached on error, E6 (Groundball, 6)
Batting: LHB Eric Porter 0-0: Ball
1-0: SINGLE (Groundball, 4MD) (infield hit)
Jim Scott to second
Batting: RHB Mike Greene 0-0: Ball
1-0: Bunted foul
1-1: Ball
2-1: Bunt missed!
2-2: SINGLE (Line Drive, 4MD)
Jim Scott to third
Eric Porter to second
Batting: RHB Bartolo Morales 0-0: SINGLE (Groundball, 6M)
Jim Scott scores
Eric Porter to third
Mike Greene to second
Batting: RHB Jim Unknown 0-0: Ball
1-0: Ball
2-0: SINGLE (Line Drive, 89S)
Eric Porter scores
Mike Greene to third
Bartolo Morales to second
Batting: RHB Martín Álvarez 0-0: SINGLE (Groundball, 5L)
Mike Greene scores
Bartolo Morales to third
Jim Unknown to second
Batting: RHB Keith MacKey 0-0: Ball
1-0: Foul Ball, location: 2F
1-1: Ball
2-1: Ball
3-1: Base on Balls
Bartolo Morales scores
Jim Unknown to third
Martín Álvarez to second
Batting: RHB Patrizio Vanali 0-0: Ball
1-0: Swinging Strike
1-1: Ball
2-1: Ball
3-1: Base on Balls
Jim Unknown scores
Martín Álvarez to third
Keith MacKey to second
Batting: SHB Jim Unknown 0-0: Ball
1-0: Called Strike
1-1: Grounds into double play, 4-6-3 (Groundball, 4)
Martín Álvarez scores
Keith MacKey to third
Pitching: RHP Bei Xú
Batting: RHB Jim Scott 0-0: Ball
1-0: Fly out, F4 (Popup, 4M)
Top of the 5th over - 6 run(s), 5 hit(s), 1 error(s), 1 left on base; Harrisburg 8 - Belleville 0
BOTTOM OF THE 5TH
Belleville Bulls batting - Pitching for Harrisburg Harriers : RHP Victor Brey
Batting: RHB Dirk Davis 0-0: Fly out, F9 (Flyball, 9D)
Batting: RHB Francisco Morales 0-0: Called Strike
0-1: Ball
1-1: Bunt missed!
1-2: Strikes out looking
Batting: RHB Esteban De La Cruz 0-0: Ball
1-0: Ball
2-0: Swinging Strike
2-1: Swinging Strike
2-2: Strikes out swinging
Bottom of the 5th over - 0 run(s), 0 hit(s), 0 error(s), 0 left on base; Harrisburg 8 - Belleville 0
TOP OF THE 6TH
Harrisburg Harriers batting - Pitching for Belleville Bulls : RHP Bei Xú
Batting: LHB Eric Porter 0-0: Called Strike
0-1: Ball
1-1: Called Strike
1-2: Foul Ball, location: 2F
1-2: Ball
2-2: Ball
3-2: Strikes out looking
Batting: RHB Mike Greene 0-0: Fly out, F6 (Popup, 6)
Batting: RHB Bartolo Morales 0-0: Ball
1-0: SINGLE (Groundball, 25) (infield hit)
Batting: RHB Jim Unknown 0-0: Called Strike
0-1: Ball
1-1: Fielders Choice at 2nd, U4 (Groundball, 4M)
Top of the 6th over - 0 run(s), 1 hit(s), 0 error(s), 1 left on base; Harrisburg 8 - Belleville 0
BOTTOM OF THE 6TH
Belleville Bulls batting - Pitching for Harrisburg Harriers : RHP Victor Brey
Batting: RHB Rodrigo Pagán 0-0: Ball
1-0: Ball
2-0: Ground out 6-3 (Groundball, 6)
Batting: LHB Forrest McCooke 0-0: Fly out, F9 (Flyball, 9M)
Batting: RHB Felipe Gonzáles 0-0: Ball
1-0: Swinging Strike
1-1: Fly out, F9 (Flyball, 89M)
Bottom of the 6th over - 0 run(s), 0 hit(s), 0 error(s), 0 left on base; Harrisburg 8 - Belleville 0
TOP OF THE 7TH
Harrisburg Harriers batting - Pitching for Belleville Bulls : RHP Bei Xú
Batting: RHB Martín Álvarez 0-0: Called Strike
0-1: Foul Ball, location: 2F
0-2: SOLO HOME RUN (Flyball, 7D), Distance : 389 ft
Batting: RHB Keith MacKey 0-0: Ball
1-0: SINGLE (Line Drive, 56)
Batting: RHB Patrizio Vanali 0-0: Ball
1-0: Swinging Strike
1-1: Grounds into double play, 6-4-3 (Groundball, 6)
Batting: SHB Jim Unknown 0-0: Hit by Pitch
Batting: RHB Jim Scott 0-0: Foul Ball, location: 2F
0-1: Ball
1-1: Ball
2-1: Ball
3-1: Base on Balls
Jim Unknown to second
Batting: LHB Eric Porter 0-0: Foul Ball, location: 2F
0-1: Ball
1-1: Swinging Strike
1-2: Ground out 3-1 (Groundball, 34S)
Top of the 7th over - 1 run(s), 2 hit(s), 0 error(s), 2 left on base; Harrisburg 9 - Belleville 0
BOTTOM OF THE 7TH
Belleville Bulls batting - Pitching for Harrisburg Harriers : RHP Victor Brey
Batting: RHB Clarence Neal 0-0: Foul Ball, location: 2F
0-1: Called Strike
0-2: Strikes out looking
Batting: RHB Héctor Rojas 0-0: Ball
1-0: Ball
2-0: Swinging Strike
2-1: Foul Ball, location: 2F
2-2: Strikes out swinging
Batting: RHB Jesús Soto 0-0: Called Strike
0-1: Fly out, F9 (Flyball, 9LM)
Bottom of the 7th over - 0 run(s), 0 hit(s), 0 error(s), 0 left on base; Harrisburg 9 - Belleville 0
TOP OF THE 8TH
Harrisburg Harriers batting - Pitching for Belleville Bulls : RHP Bei Xú
Batting: RHB Mike Greene 0-0: Fly out, F7 (Line Drive, 7M)
Batting: RHB Bartolo Morales 0-0: Ground out 5-3 (Groundball, 56S)
Batting: RHB Jim Unknown 0-0: Ball
1-0: Called Strike
1-1: Ball
2-1: Foul Ball, location: 2F
2-2: Ground out 6-3 (Groundball, 6D)
Top of the 8th over - 0 run(s), 0 hit(s), 0 error(s), 0 left on base; Harrisburg 9 - Belleville 0
BOTTOM OF THE 8TH
Belleville Bulls batting - Pitching for Harrisburg Harriers : RHP Victor Brey
Batting: RHB Dirk Davis 0-0: Swinging Strike
0-1: Ground out 4-3 (Groundball, 4)
Batting: RHB Francisco Morales 0-0: Ball
1-0: Foul Ball, location: 2F
1-1: Foul Ball, location: 2F
1-2: Strikes out swinging
Batting: RHB Esteban De La Cruz 0-0: Called Strike
0-1: Fly out, F9 (Flyball, 9M)
Bottom of the 8th over - 0 run(s), 0 hit(s), 0 error(s), 0 left on base; Harrisburg 9 - Belleville 0
TOP OF THE 9TH
Harrisburg Harriers batting - Pitching for Belleville Bulls : RHP Bei Xú
Pinch Hitting: SHB Jim Unknown 0-0: Foul Ball, location: 2F
0-1: Ball
1-1: Ball
2-1: Ball
3-1: Ground out 1-3 (Groundball, 15)
Batting: RHB Keith MacKey 0-0: Ground out 6-3 (Groundball, 6)
Batting: RHB Patrizio Vanali 0-0: Foul Ball, location: 2F
0-1: Ball
1-1: Foul Ball, location: 2F
1-2: Fly out, F8 (Flyball, 8RM)
Top of the 9th over - 0 run(s), 0 hit(s), 0 error(s), 0 left on base; Harrisburg 9 - Belleville 0
BOTTOM OF THE 9TH
Belleville Bulls batting - Pitching for Harrisburg Harriers : RHP Victor Brey
Now in LF: Bartolo Benítez
Batting: RHB Rodrigo Pagán 0-0: Swinging Strike
0-1: Foul Ball, location: 2F
0-2: Fly out, F9 (Popup, 9LS)
Batting: LHB Forrest McCooke 0-0: Called Strike
0-1: SINGLE (Groundball, 6MS) (infield hit)
Batting: RHB Felipe Gonzáles 0-0: Grounds into double play, 6-4-3 (Groundball, 6M)
Bottom of the 9th over - 0 run(s), 1 hit(s), 0 error(s), 0 left on base; Harrisburg 9 - Belleville 0
This league is powered by Out of the Park Baseball, the baseball management simulation game for PC, Mac and Linux
Friday, October 23rd, 2015 - OOTP Baseball 16.9 Build 39